[Event "Early-Titled-Tuesday-Blitz-February-20-2024"]
[Site "Chess.com"]
[Date "2024.02.20"]
[Round "9"]
[White "Cheer_Down"]
[Black "RantomOpening"]
[Result "0-1"]
[WhiteElo "2426"]
[BlackElo "2552"]
[TimeControl "180+1"]
[EndTime "9:45:58 PST"]
[Termination "RantomOpening won by resignation"]

1. e4 c5 2. Nf3 e6 3. d4 cxd4 4. Nxd4 Nf6 5. Nc3 Nc6 6. Bf4 Bc5 7. Ndb5 O-O 8. Bd6 Qb6 9. Bxc5 Qxc5 10. Qd6 Qb6 11. Qc7 Qc5 12. Qd6 Qg5 13. h4 Qg6 14. h5 Nxh5 15. O-O-O Qg5+ 16. Kb1 Nf6 17. f4 Qg3 18.
Rh3 Qf2 19. Bd3 Ne8 20. Qa3 a6 21. Nd6 Qxf4 22. e5 h6 23. Rf1 Qxe5 24. Nc4 Qc7 25. Ne4 d5 26. Ned6 dxc4 27. Nxc4 0-1

[Event "Early-Titled-Tuesday-Blitz-February-20-2024"]
[Site "Chess.com"]
[Date "2024.02.20"]
[Round "9"]
[White "ragnaroek66"]
[Black "Goffredo_Fofi"]
[Result "1-0"]
[WhiteElo "2461"]
[BlackElo "2535"]
[TimeControl "180+1"]
[EndTime "9:45:58 PST"]
[Termination "ragnaroek66 won by resignation"]

1. d4 g6 2. c4 Bg7 3. e4 d6 4. Nc3 c5 5. d5 Bxc3+ 6. bxc3 e5 7. Bd3 Qe7 8. a4 f5 9. exf5 gxf5 10. Ne2 Nf6 11.
Ng3 e4 12. Bc2 Qe5 13. O-O Rg8 14. f3 e3 15. f4 Qxc3 16. Ra3 Qxc4 17. Rxe3+ Kf7 18.
Bxf5 Qxd5 19. Rd3 Qc4 20. Rxd6 Bxf5 21. Nxf5 Qe4 22. Ng3 Qxa4 23. Qxa4 1-0

[Event "Early-Titled-Tuesday-Blitz-February-20-2024"]
[Site "Chess.com"]
[Date "2024.02.20"]
[Round "9"]
[White "Louis-Paulsen-Fan"]
[Black "tetrix83"]
[Result "0-1"]
[WhiteElo "2241"]
[BlackElo "2520"]
[TimeControl "180+1"]
[EndTime "9:46:00 PST"]
[Termination "tetrix83 won by resignation"]

1. d4 Nf6 2. Nf3 g6 3. c4 Bg7 4. Nc3 d6 5. e4 O-O 6. Be2 e5 7. O-O Na6 8. Re1 Bg4 9. d5 Nc5 10. Bf1 a5 11. h3 Bd7 12. Be3 Ne8 13. Nd2 f5 14. f3 Bf6 15. g4 Bg5 16. Qe2 Bxe3+ 17. Qxe3 Qh4 18. Bg2 Nf6 19. Rf1 h5 20. gxf5 gxf5 21. Qf2 Qf4 22. Rad1 Rf7 23. Ne2 Qh6 24.
f4 Nfxe4 25. Nxe4 fxe4 26. Kh2 exf4 27. Nxf4 Raf8 28. Qg3+ Rg7 29. Qh4 Qg5 30. Qxh5 Qg3+ 31. Kh1 Rxf4 32. Rg1 Nd3 33. Rd2 Nf2+ 34. Rxf2 Rxf2 0-1

[Event "Early-Titled-Tuesday-Blitz-February-20-2024"]
[Site "Chess.com"]
[Date "2024.02.20"]
[Round "9"]
[White "mertfelin"]
[Black "abeljusto"]
[Result "1-0"]
[WhiteElo "2346"]
[BlackElo "2102"]
[TimeControl "180+1"]
[EndTime "9:46:00 PST"]
[Termination "mertfelin won on time"]

1. e4 c5 2. Nf3 Nc6 3. Bb5 g6 4. O-O Bg7 5. Nc3 Nf6 6. e5 Ng4 7. Bxc6 dxc6 8. Re1 Qc7 9. d4 cxd4 10. Qxd4 O-O 11. Qe4 Bf5 12. Qe2 h5 13. h3 Nh6 14.
Bf4 Qb6 15. Rab1 Rad8 16. Bg5 f6 17. Be3 Qc7 18. Bf4 Qb6 19. Na4 Qa5 20. b3 Nf7 21. e6 Nh6 22. Rbd1 Kh7 23. c4 Rxd1 24. Rxd1 Rd8 25. Rxd8 Qxd8 26. Nc5 b6 27. Nd7 Ng8 28. Nd4 Nh6 29. Nxc6 1-0

[Event "Early-Titled-Tuesday-Blitz-February-20-2024"]
[Site "Chess.com"]
[Date "2024.02.20"]
[Round "9"]
[White "Jojo_898"]
[Black "ActorXu"]
[Result "0-1"]
[WhiteElo "2497"]
[BlackElo "2830"]
[TimeControl "180+1"]
[EndTime "9:46:02 PST"]
[Termination "ActorXu won by resignation"]

1. e4 c5 2. Nf3 d6 3. c3 Nf6 4.
Bd3 Nc6 5. h3 g6 6. O-O Bg7 7. Bc2 e5 8. d4 cxd4 9. cxd4 exd4 10.
Nxd4 O-O 11. Nxc6 bxc6 12. Nc3 d5 13. exd5 Nxd5 14. Bd2 Rb8 15. Nxd5 cxd5 16. Bb3 Bxb2 17. Rb1 Bg7 18. Bf4 Rb5 19. a4 Rc5 20. Qd2 d4 21.
Rbc1 Rxc1 22. Rxc1 Be6 23. Qd3 Bxb3 24. Qxb3 Qf6 25. Bd2 Re8 26. Rc7 h5 27. Kf1 a6 28.
a5 h4 29. Qb6 Qe5 30. Qb3 Qxc7 0-1

[Event "Early-Titled-Tuesday-Blitz-February-20-2024"]
[Site "Chess.com"]
[Date "2024.02.20"]
[Round "9"]
[White "ajeale2"]
[Black "Christ_is_alive"]
[Result "1-0"]
[WhiteElo "2486"]
[BlackElo "2262"]
[TimeControl "180+1"]
[EndTime "9:46:03 PST"]
[Termination "ajeale2 won by resignation"]

1. c4 g6 2. Nf3 Bg7 3. g3 Nf6 4. Bg2 O-O 5. d4 d6 6. O-O Nc6 7. d5 Na5 8. Nbd2 c5 9. e4 a6 10. Re1 b5 11. Bf1 Rb8 12. Rb1 e6 13. b3 exd5 14. cxd5 Re8 15. Bb2 Ng4 16. Bxg7 Kxg7 17. Qc2 Nb7 18. h3 Ne5 19. Nxe5 dxe5 20. Rbd1 Qf6 21.
Re3 Bd7 22. Qb2 Nd6 23. Rf3 Qg5 24. Rc3 Rbc8 25. Rdc1 c4 26. bxc4 bxc4 27. h4 Qh6 28. Bxc4 g5 29. hxg5 Qxg5 30. Bf1 h5 31. Rxc8 Bxc8 32.
Bg2 h4 33. Nf3 Qg4 34. Nxe5 Qe2 35. Qxe2 1-0

[Event "Early-Titled-Tuesday-Blitz-February-20-2024"]
[Site "Chess.com"]
[Date "2024.02.20"]
[Round "9"]
[White "K_A_S_T_O_R"]
[Black "Egor_Koshulyan"]
[Result "0-1"]
[WhiteElo "2816"]
[BlackElo "2626"]
[TimeControl "180+1"]
[EndTime "9:46:04 PST"]
[Termination "Egor_Koshulyan won by resignation"]

1. e4 c5 2. Nf3 Nc6 3. d4 cxd4 4. Nxd4 Nf6 5. Nc3 e5 6. Ndb5 d6 7. Bg5 a6 8. Na3 Be6 9. Nc4 Rb8 10. Bxf6 Qxf6 11. Nb6 Be7 12. Ncd5 Qg6 13. Qd3 O-O 14. c3 Bd8 15. g3 f5 16. Bg2 Bxb6 17. Nxb6 f4 18.
O-O Rbd8 19. Rad1 Bxa2 20. b4 Be6 21. Bf3 Bh3 22. Rfe1 Rf7 23. Kh1 fxg3 24. fxg3 Rdf8 25. Be2 Rf2 26. Rg1 Kh8 27. g4 Qh6 28. Qd2 Qh4 29.
Qe1 Bf1 0-1

[Event "Early-Titled-Tuesday-Blitz-February-20-2024"]
[Site "Chess.com"]
[Date "2024.02.20"]
[Round "9"]
[White "Lucky_Puncher"]
[Black "EdmundPlayer"]
[Result "1-0"]
[WhiteElo "2499"]
[BlackElo "2281"]
[TimeControl "180+1"]
[EndTime "9:46:04 PST"]
[Termination "Lucky_Puncher won on time"]

1. d4 d5 2. c4 c6 3. Nc3 Nf6 4. Nf3 e6 5. Bg5 h6 6. Bxf6 Qxf6 7. e4 dxe4 8. Nxe4 Bb4+ 9. Nc3 c5 10. a3 cxd4 11. Qxd4 Bxc3+ 12. bxc3 Nc6 13. Qxf6 gxf6 14. Bd3 Ne5 15. Nxe5 fxe5 16. Ke2 Bd7 17. Be4 Rc8 18. Bxb7 Rxc4 19. Rhc1 Ke7 20. Rab1 Rb8 21. f3 Ra4 22. c4 Kd6 23. Rc3 Kc5 24. g4 Bc6 25. Bxc6 Rxb1 26. Bxa4 Rb2+ 27. Rc2 Rxc2+ 28. Bxc2 Kxc4 29. h4 a5 30. g5 h5 31. Kd2 Kd4 32. Bh7 Kd5 33. Bg8 1-0

[Event "Early-Titled-Tuesday-Blitz-February-20-2024"]
[Site "Chess.com"]
[Date "2024.02.20"]
[Round "9"]
[White "Rurep26"]
[Black "Mesa_1"]
[Result "1-0"]
[WhiteElo "2732"]
[BlackElo "2579"]
[TimeControl "180+1"]
[EndTime "9:46:05 PST"]
[Termination "Rurep26 won by resignation"]

1. d4 Nf6 2. Bf4 e6 3. e3 d5 4.
Nd2 c5 5. c3 Nc6 6. Ngf3 cxd4 7. exd4 Nh5 8. Be3 Bd6 9. g3 Nf6 10. Bg2 h6 11. O-O O-O 12. Re1 a5 13. c4 dxc4 14.
Nxc4 Bb4 15. Re2 Bd7 16. Nfe5 Nxe5 17. dxe5 Nd5 18. Bxd5 exd5 19. Nb6 Bg4 20. Nxa8 Qxa8 21. a3 Qa6 22. axb4 Bxe2 23. Qxd5 Qg6 24. bxa5 Qf5 25.
Qxb7 Bf3 26. Qb5 Rd8 27. Qf1 h5 28. h4 Ba8 29. Kh2 Qxe5 30. b4 f6 31. Rc1 Qe4 32.
Qc4+ Qxc4 33. Rxc4 Rd1 34. Rc8+ 1-0

[Event "Early-Titled-Tuesday-Blitz-February-20-2024"]
[Site "Chess.com"]
[Date "2024.02.20"]
[Round "9"]
[White "yuriydovzik"]
[Black "Attacker_2006"]
[Result "0-1"]
[WhiteElo "2155"]
[BlackElo "2386"]
[TimeControl "180+1"]
[EndTime "9:46:09 PST"]
[Termination "Attacker_2006 won by resignation"]

1. d4 d5 2. g3 Nf6 3. Bg2 g6 4.
Nf3 Bg7 5. O-O O-O 6. Nbd2 Nbd7 7. e3 c5 8. b3 b6 9. Bb2 Bb7 10. Ne5 Qc7 11. f4 Ne4 12. Nxe4 dxe4 13. c4 f5 14. g4 Nxe5 15. fxe5 e6 16. Qe2 Rad8 17. g5 Qe7 18.
h4 h6 19. gxh6 Bxh6 20. h5 Qg5 21. Kf2 cxd4 22. exd4 f4 23. Rg1 Qg3+ 24. Kf1 f3 25.
Bxf3 Rxf3+ 26. Qxf3 Qxf3+ 0-1

[Event "Early-Titled-Tuesday-Blitz-February-20-2024"]
[Site "Chess.com"]
[Date "2024.02.20"]
[Round "9"]
[White "DuleMudule"]
[Black "Shield12"]
[Result "0-1"]
[WhiteElo "2854"]
[BlackElo "2976"]
[TimeControl "180+1"]
[EndTime "9:46:10 PST"]
[Termination "Shield12 won by resignation"]

1. d4 Nf6 2. Nc3 d5 3. Bf4 c5 4. e3 cxd4 5. exd4 a6 6. Nf3 Nc6 7. Ne5 Bd7 8. Nxc6 Bxc6 9. Bd3 Qb6 10. Be5 Qxb2 11. Ne2 Nd7 12. Bg3 e6 13. O-O Be7 14.
f4 g6 15. Rb1 Qxa2 16. f5 gxf5 17. Nf4 Nf6 18. Bh4 Qa4 19. Qf3 Ne4 20. Bxe7 Qxd4+ 21. Kh1 Kxe7 22. Bxe4 dxe4 23. Qa3+ Qd6 24. Qe3 Rad8 25.
Qg3 e5 26. Nh5 Rhg8 27. Qh4+ Kf8 28. Rxf5 e3 29. Rxf7+ Kxf7 30. Rf1+ Ke8 31. Nf6+ Qxf6 0-1

[Event "Early-Titled-Tuesday-Blitz-February-20-2024"]
[Site "Chess.com"]
[Date "2024.02.20"]
[Round "9"]
[White "cristiano78"]
[Black "stratacticos"]
[Result "1-0"]
[WhiteElo "2267"]
[BlackElo "1987"]
[TimeControl "180+1"]
[EndTime "9:46:14 PST"]
[Termination "cristiano78 won by resignation"]

1. d4 Nf6 2. c4 c5 3. d5 b5 4. cxb5 a6 5. bxa6 e6 6. Nc3 Nxd5 7.
Nxd5 exd5 8. Qxd5 Nc6 9. e4 Be7 10. Nf3 O-O 11. Bd2 Rxa6 12. Bxa6 Bxa6 13. Bc3 Qb6 14. Nd2 Qb5 15. O-O-O d6 16. f4 Qa4 17. Qb3 Qxb3 18. Nxb3 f6 19. Rhe1 Ra8 20. e5 dxe5 21.
fxe5 fxe5 22. Bxe5 Nxe5 23. Rxe5 Kf7 24. Nxc5 Bb5 25.
a4 Bc6 26. b4 Bxc5 27. Rxc5 Bxa4 28. Rf1+ Kg8 29. Ra5 Rc8+ 30. Kb1 Be8 31. Rc5 Bg6+ 32. Ka1 Ra8+ 33. Kb2 h6 34. Ra1 Rb8 35. Kc3 Kh7 36. Ra7 Rd8 37. Rcc7 Rd3+ 38. Kc4 1-0

[Event "Early-Titled-Tuesday-Blitz-February-20-2024"]
[Site "Chess.com"]
[Date "2024.02.20"]
[Round "9"]
[White "ZuraTqebuchava"]
[Black "tusplingher"]
[Result "0-1"]
[WhiteElo "2278"]
[BlackElo "2478"]
[TimeControl "180+1"]
[EndTime "9:46:15 PST"]
[Termination "tusplingher won by checkmate"]

1. e3 c5 2. e4 g6 3. Nf3 Bg7 4. Nc3 Nc6 5. Bb5 d6 6. Bxc6+ bxc6 7. h3 Nf6 8. O-O O-O 9. e5 Nd7 10. exd6 exd6 11. d3 Rb8 12. Re1 Re8 13. Ne4 d5 14. Nc3 Rxe1+ 15. Qxe1 Qc7 16. Qe8+ Nf8 17. Qe1 Be6 18.
g3 Re8 19. Bf4 Qd7 20. Ne5 Bxe5 21. Qxe5 Bxh3 22. Qg5 Ne6 23. Qh6 Nxf4 24. Qxf4 Be6 25.
Na4 c4 26. dxc4 dxc4 27. Re1 Bd5 28. Re3 Rxe3 29. Qxe3 Qh3 30. Qe8+ Kg7 31. Qe5+ Kh6 32. Qf4+ g5 33. Qf6+ Kh5 34. g4+ Qxg4+ 35. Kf1 Qd1# 0-1

[Event "Early-Titled-Tuesday-Blitz-February-20-2024"]
[Site "Chess.com"]
[Date "2024.02.20"]
[Round "9"]
[White "NastyaHn"]
[Black "SharapovEvgeny"]
[Result "1-0"]
[WhiteElo "2452"]
[BlackElo "2547"]
[TimeControl "180+1"]
[EndTime "9:46:16 PST"]
[Termination "NastyaHn won by checkmate"]

1. Nc3 d5 2. e4 d4 3. Nce2 c5 4. Nf3 Nc6 5. Ng3 g6 6. Bc4 Bg7 7. d3 e6 8. a4 Nge7 9. h4 h5 10.
Bg5 O-O 11. Qd2 Kh7 12. O-O-O a6 13. Bf4 b5 14. Bb3 bxa4 15. Bxa4 Nb4 16. Bb3 a5 17. Qe2 a4 18. Ng5+ Kg8 19. Bc4 a3 20. bxa3 Qa5 21.
Qf3 Qxa3+ 22. Kd2 Qc3+ 23. Ke2 Ba6 24. Bxa6 Rxa6 25. Nxh5 Ra2 26. Nxg7 Rxc2+ 27. Rd2 Kxg7 28. h5 c4 29. h6+ Kg8 30. h7+ Kg7 31. Be5+ f6 32.
Qxf6+ Rxf6 33. h8=Q# 1-0

[Event "Early-Titled-Tuesday-Blitz-February-20-2024"]
[Site "Chess.com"]
[Date "2024.02.20"]
[Round "9"]
[White "carokannlover213"]
[Black "Mops_2004"]
[Result "0-1"]
[WhiteElo "2841"]
[BlackElo "2745"]
[TimeControl "180+1"]
[EndTime "9:46:17 PST"]
[Termination "Mops_2004 won on time"]

1. e4 g6 2. d4 Bg7 3. Nc3 d6 4. Be3 a6 5. g4 Nd7 6. h4 c5 7. h5 Qb6 8. h6 Bxd4 9. Nd5 Qa5+ 10. b4 Qd8 11. Bxd4 cxd4 12. Qxd4 Ngf6 13. Qc3 O-O 14. g5 Ne8 15. f4 b5 16. f5 e6 17. Nf4 Qxg5 18.
fxe6 Qxf4 19. e7 Qxe4+ 20. Kf2 Qxe7 21. Bg2 Ra7 22. Nf3 Rc7 23. Qd2 Nef6 24. Rae1 Ne5 25. Qd4 Rxc2+ 26. Kg3 Bb7 27. Rhf1 Rxg2+ 28. Kxg2 Qd8 29.
Kg3 Nh5+ 30. Kh2 Nxf3+ 31. Rxf3 Bxf3 32. Rf1 Qf6 0-1

[Event "Early-Titled-Tuesday-Blitz-February-20-2024"]
[Site "Chess.com"]
[Date "2024.02.20"]
[Round "9"]
[White "cukin84"]
[Black "ikhasu"]
[Result "0-1"]
[WhiteElo "2239"]
[BlackElo "2449"]
[TimeControl "180+1"]
[EndTime "9:46:17 PST"]
[Termination "ikhasu won by resignation"]

1. e4 e5 2. Nf3 Nc6 3. c3 Nf6 4.
d4 Nxe4 5. d5 Bc5 6. dxc6 Nxf2 7. Qd5 Bb6 8. Rg1 dxc6 9. Qxd8+ Kxd8 10. Bc4 Bf5 11. Rf1 Nd3+ 12. Ke2 Nxc1+ 13. Rxc1 f6 14. Rd1+ Ke7 15. Nbd2 g5 16. Bd3 Be6 17. Ne4 g4 18. Nh4 f5 19. Ng5 e4 20. Nxe6 exd3+ 21. Rxd3 Kxe6 22. Rad1 Rae8 23. Rd7 Kf6+ 24. Kf1 f4 25. g3 f3 26. a4 a5 27. b4 Re2 28.
bxa5 Bc5 29. R1d2 Rhe8 30. Rd1 Rxh2 31. Nxf3 gxf3 32. R7d6+ cxd6 0-1

[Event "Early-Titled-Tuesday-Blitz-February-20-2024"]
[Site "Chess.com"]
[Date "2024.02.20"]
[Round "9"]
[White "djano"]
[Black "Kunalm64"]
[Result "0-1"]
[WhiteElo "2657"]
[BlackElo "2550"]
[TimeControl "180+1"]
[EndTime "9:46:20 PST"]
[Termination "Kunalm64 won by resignation"]

1. e4 c6 2. d4 d5 3. exd5 cxd5 4. Bd3 Nc6 5. c3 Nf6 6. Bf4 g6 7. Nf3 Bf5 8. Ne5 Bxd3 9. Nxd3 Bg7 10. O-O O-O 11.
Re1 Rc8 12. Qb3 b6 13. Nd2 Na5 14. Qa3 Re8 15. Ne5 Nh5 16. Be3 Bxe5 17. dxe5 Ng7 18.
f4 Qc7 19. Qa4 Nf5 20. Bf2 Nc4 21. Nxc4 Qxc4 22. Qxa7 Qxf4 23. a4 e6 24. Bxb6 Ra8 25. Qd7 Qd2 26. Qb5 Reb8 27. a5 Nh4 28. Qe2 Qxe2 29.
Rxe2 Rxb6 30. axb6 Rxa1+ 31. Kf2 Ra6 32. g4 g5 33. Ke3 Rxb6 34. Kd4 Rb3 35. Kd3 Ng6 36.
Kc2 Rb8 37. b4 Kg7 38. Kd3 Nf4+ 0-1

[Event "Early-Titled-Tuesday-Blitz-February-20-2024"]
[Site "Chess.com"]
[Date "2024.02.20"]
[Round "9"]
[White "gm_rashid"]
[Black "janhelmer03"]
[Result "0-1"]
[WhiteElo "2437"]
[BlackElo "2256"]
[TimeControl "180+1"]
[EndTime "9:46:20 PST"]
[Termination "janhelmer03 won on time"]

1. e4 c5 2. Nf3 Nc6 3. d4 cxd4 4. Nxd4 e5 5. Nb3 Nf6 6. Nc3 Bb4 7. Bd3 d5 8. exd5 Nxd5 9. Bd2 Bxc3 10. bxc3 O-O 11. O-O Be6 12. Re1 Qd6 13. Qf3 f6 14. Re4 f5 15.
Rh4 e4 16. Qh5 Nf6 17. Qe2 exd3 18. cxd3 Bxb3 19. axb3 Rfe8 20. Qf3 Rad8 21. d4 Qd5 22. Qh3 Qxb3 23. Qxf5 Qb2 24. Rd1 Qxd2 25. Rf1 Re1 26.
g3 Rxf1+ 27. Kxf1 Re8 28. Kg2 Qe2 29. d5 Ne7 30. Qg5 Nexd5 31. Rd4 Ne3+ 32. Kh3 Qf1+ 33. Kh4 Ng2+ 0-1

[Event "Early-Titled-Tuesday-Blitz-February-20-2024"]
[Site "Chess.com"]
[Date "2024.02.20"]
[Round "9"]
[White "ImportedItalianMaple"]
[Black "Hilary46"]
[Result "1/2-1/2"]
[WhiteElo "2536"]
[BlackElo "2663"]
[TimeControl "180+1"]
[EndTime "9:46:24 PST"]
[Termination "Game drawn by repetition"]

1. Nf3 d5 2. g3 Nf6 3. Bg2 c6 4. O-O Bg4 5. c4 e6 6. cxd5 exd5 7. h3 Bxf3 8. Bxf3 Be7 9. d3 O-O 10. Nc3 Nbd7 11. e4 dxe4 12. dxe4 Ne5 13. Bg2 Qxd1 14.
Rxd1 Rfd8 15. Bg5 h6 16. Bxf6 Bxf6 17. Rxd8+ Rxd8 18. Rd1 Rxd1+ 19. Nxd1 Nd3 20. b3 Bd4 21. a3 Nc1 22. b4 Nd3 23. Kf1 c5 24. Ke2 c4 25. f4 f6 26. e5 fxe5 27. Bd5+ Kf8 28.
Bxc4 Nb2 29. Nxb2 Bxb2 30. fxe5 Bxe5 31. g4 Ke7 32. Kd3 Kf6 33. Ke4 Bc3 34. b5 Kg5 35. Kf3 Kh4 36. Kg2 Be5 37. a4 Bc7 38. Bd5 b6 39. Bc6 Bd6 40. Bd5 Kg5 41. Kf3 Kh4 42.
Kg2 Kg5 43. Kf3 Kh4 44. Kg2 1/2-1/2

[Event "Early-Titled-Tuesday-Blitz-February-20-2024"]
[Site "Chess.com"]
[Date "2024.02.20"]
[Round "9"]
[White "Yushko_Olga"]
[Black "pedro_nascimento85"]
[Result "0-1"]
[WhiteElo "2183"]
[BlackElo "2133"]
[TimeControl "180+1"]
[EndTime "9:46:24 PST"]
[Termination "pedro_nascimento85 won by resignation"]

1. d4 d5 2. c4 e6 3. cxd5 exd5 4. Nc3 c6 5. Bg5 Qxg5 6. Nf3 Qd8 7. e3 Nf6 8. Bd3 Bd6 9. Rc1 O-O 10. Bb1 Bg4 11. Qc2 Nbd7 12. h3 Bh5 13. Qb3 Qb6 14. Qd1 Qxb2 15. O-O Qb6 16. Qa4 Bxf3 17. gxf3 Qd8 18.
Qc2 g6 19. f4 Nh5 20. Qe2 Qh4 21. Qf3 Ng7 22. f5 Qh5 23. Qg2 Nxf5 24. f4 Nxe3 25.
Qh2 Nxf1 26. Rxf1 f5 27. Qg2 Nf6 28. Ne2 Ne4 29. Rf3 Rae8 30. Rg3 Nxg3 0-1

[Event "Early-Titled-Tuesday-Blitz-February-20-2024"]
[Site "Chess.com"]
[Date "2024.02.20"]
[Round "9"]
[White "Saxar85"]
[Black "DefiantChair"]
[Result "1-0"]
[WhiteElo "2734"]
[BlackElo "2582"]
[TimeControl "180+1"]
[EndTime "9:46:30 PST"]
[Termination "Saxar85 won by resignation"]

1. e4 e5 2. Nf3 Nc6 3. Bb5 a6 4. Ba4 Nf6 5. O-O Nxe4 6. Re1 Nc5 7. Bxc6 dxc6 8. Nxe5 Be7 9. d4 Ne6 10. Be3 O-O 11. c4 Re8 12. Nc3 Nf8 13. Qh5 Ng6 14. Rad1 Be6 15. d5 cxd5 16. Nxd5 Bd6 17. Nf3 Bxd5 18. Qxd5 Qf6 19. c5 Bf8 20. Qxb7 Reb8 21. Qxc7 Qxb2 22. Rd2 Qf6 23. h3 Rc8 24. Qa5 Rab8 25.
Rc1 Rb5 26. Qa4 Rcb8 27. c6 Rb1 28. Rc2 Rxc1+ 29. Rxc1 Ne5 30. Nxe5 Qxe5 31. Bf4 Qb2 32. c7 Rc8 33. Qxa6 1-0

[Event "Early-Titled-Tuesday-Blitz-February-20-2024"]
[Site "Chess.com"]
[Date "2024.02.20"]
[Round "9"]
[White "a-z30"]
[Black "Cubitas"]
[Result "0-1"]
[WhiteElo "2481"]
[BlackElo "2643"]
[TimeControl "180+1"]
[EndTime "9:46:30 PST"]
[Termination "Cubitas won by checkmate"]

1. d3 e5 2. Nf3 Nc6 3. g3 g6 4. Bg2 Bg7 5. O-O Nge7 6. c4 d6 7. Nc3 O-O 8. Rb1 f5 9. Nd2 g5 10. b4 f4 11. b5 Nd4 12. e3 Ndf5 13. Nd5 Nxd5 14. Bxd5+ Kh8 15. exf4 gxf4 16. Bb2 a6 17. bxa6 Rxa6 18. a3 c6 19. Be4 d5 20.
Bg2 Nd4 21. Bxd4 exd4 22. Re1 c5 23. Bxd5 fxg3 24. fxg3 Bh6 25. Ne4 Qe8 26. Rf1 Be3+ 27. Kg2 Rxa3 28. Rxf8+ Qxf8 29. Qh5 Ra2+ 30. Kh1 Bf5 31.
Qf3 Rxh2+ 32. Kxh2 Qh6+ 33. Kg2 Qh3# 0-1

[Event "Early-Titled-Tuesday-Blitz-February-20-2024"]
[Site "Chess.com"]
[Date "2024.02.20"]
[Round "9"]
[White "ATM622"]
[Black "martinmena"]
[Result "1-0"]
[WhiteElo "2472"]
[BlackElo "2204"]
[TimeControl "180+1"]
[EndTime "9:46:30 PST"]
[Termination "ATM622 won on time"]

1. d4 d5 2. c4 e6 3. Nf3 Nf6 4. g3 Be7 5. Bg2 O-O 6. O-O dxc4 7. Ne5 Nc6 8. Bxc6 bxc6 9. Nxc6 Qe8 10. Nxe7+ Qxe7 11. Qc2 c5 12. b3 cxb3 13. axb3 cxd4 14. Ba3 Qd7 15. Bxf8 Kxf8 16. Qc5+ Kg8 17. Rd1 e5 18. Qxe5 Bb7 19. f3 Qh3 20. Qxd4 h5 21. Nd2 Re8 22. Qf2 h4 23. e4 hxg3 24. hxg3 Nh5 25. Nf1 g6 26.
Rxa7 Re5 27. Rxb7 Rg5 28. Rd8+ Kg7 29. Qb2+ Nf6 30. Qh2 1-0

[Event "Early-Titled-Tuesday-Blitz-February-20-2024"]
[Site "Chess.com"]
[Date "2024.02.20"]
[Round "9"]
[White "Zhigalko_Sergei"]
[Black "Fighterman91"]
[Result "1-0"]
[WhiteElo "2937"]
[BlackElo "2789"]
[TimeControl "180+1"]
[EndTime "9:46:31 PST"]
[Termination "Zhigalko_Sergei won by resignation"]

1. e4 Nf6 2. e5 Nd5 3. d4 d6 4.
Nf3 dxe5 5. Nxe5 c6 6. Be2 Bf5 7.
O-O e6 8. c4 Nf6 9. Nc3 Nbd7 10. Bf4 Be7 11. Re1 O-O 12. Qd2 Nxe5 13. Bxe5 Bd6 14.
Qf4 Bxe5 15. dxe5 Nd7 16. Rad1 Qc7 17. Bd3 Bxd3 18. Rxd3 f6 19. Qg4 Nxe5 20. Qxe6+ Qf7 21. Qxf7+ Kxf7 22. Rde3 Rfe8 23. b3 Rad8 24. Ne4 Nd3 25. Rd1 f5 26. Ng5+ Kg6 27. Ne6 Rd6 28. Nf4+ Nxf4 29.
Rxd6+ Kf7 30. Rd7+ Kf8 31. Rxe8+ Kxe8 32. Rxb7 Ne2+ 33. Kf1 Nc1 34. Rxa7 1-0

[Event "Early-Titled-Tuesday-Blitz-February-20-2024"]
[Site "Chess.com"]
[Date "2024.02.20"]
[Round "9"]
[White "Szparu"]
[Black "Alexchess1984"]
[Result "0-1"]
[WhiteElo "2770"]
[BlackElo "2668"]
[TimeControl "180+1"]
[EndTime "9:46:31 PST"]
[Termination "Alexchess1984 won by checkmate"]

1. e4 c5 2. Nf3 Nc6 3. d4 cxd4 4. Nxd4 g6 5. c4 Nf6 6. Nc3 d6 7. f3 Bg7 8. Be3 Bd7 9. Qd2 O-O 10. g4 a6 11. h4 h5 12. g5 Ne8 13. f4 Nc7 14.
Nc2 Bg4 15. Bd3 b5 16. O-O Rb8 17. Rab1 e6 18. b3 d5 19. cxd5 exd5 20. Bc5 Re8 21. e5 Ne6 22. Bf2 Rc8 23. Ne2 d4 24. b4 Bxe2 25.
Bxe2 d3 26. Qxd3 Nxf4 27. Qf3 Nxe2+ 28. Qxe2 Nxe5 29. Bc5 Ng4 30. Qf3 Qc7 31. Qg2 Rcd8 32.
Rbd1 Rxd1 33. Rxd1 Qf4 34. Rf1 Qc4 35. a3 Re2 36.
Qa8+ Kh7 37. Ne1 Bd4+ 38. Bxd4 Qxd4+ 39. Kh1 Rh2# 0-1

[Event "Early-Titled-Tuesday-Blitz-February-20-2024"]
[Site "Chess.com"]
[Date "2024.02.20"]
[Round "9"]
[White "Navyblue1"]
[Black "shailendrabajpai"]
[Result "1-0"]
[WhiteElo "2179"]
[BlackElo "2396"]
[TimeControl "180+1"]
[EndTime "9:46:32 PST"]
[Termination "Navyblue1 won by resignation"]

1. d4 d5 2. c4 e6 3. Nc3 c6 4.
cxd5 exd5 5. Qc2 Nf6 6. Bg5 Be7 7. e3 O-O 8. Bd3 h6 9. Bh4 a5 10. Nf3 Na6 11. a3 b5 12. O-O b4 13. Na4 bxa3 14. bxa3 Ne4 15. Bxe7 Qxe7 16. Bxe4 dxe4 17. Ne5 Qg5 18.
Qxe4 Be6 19. Qxc6 Rfd8 20. Qf3 f6 21. Nc6 Bd5 22. Ne7+ Kh8 23. Nxd5 Rxd5 24. Nb6 Rad8 25. Nxd5 Rxd5 26. g3 Nc7 27. Rfc1 Ne6 28. Rc8+ Kh7 29. Rac1 h5 30. Qe4+ Rf5 31. Qxe6 1-0

[Event "Early-Titled-Tuesday-Blitz-February-20-2024"]
[Site "Chess.com"]
[Date "2024.02.20"]
[Round "9"]
[White "Rosh1610"]
[Black "noblerone"]
[Result "1-0"]
[WhiteElo "2409"]
[BlackElo "2522"]
[TimeControl "180+1"]
[EndTime "9:46:34 PST"]
[Termination "Rosh1610 won on time"]

1. e4 c5 2. Nc3 Nc6 3. f4 e6 4. Nf3 d5 5. Bb5 d4 6. Bxc6+ bxc6 7. Ne2 g6 8. O-O Bg7 9. d3 h5 10. b3 h4 11. h3 Nf6 12. Ba3 Qa5 13. Bb2 Nh5 14.
a4 Bh6 15. Nd2 Qc7 16. e5 g5 17. Ne4 gxf4 18. Nd6+ Kf8 19. Nc1 Ng3 20. Rf3 Bg5 21. Ba3 Qb6 22. Ne2 Bd7 23. Nxf4 Rh7 24. Ne4 Nxe4 25. dxe4 Ke7 26. Nd3 1-0

[Event "Early-Titled-Tuesday-Blitz-February-20-2024"]
[Site "Chess.com"]
[Date "2024.02.20"]
[Round "9"]
[White "Zq1"]
[Black "HanSchut"]
[Result "1-0"]
[WhiteElo "2521"]
[BlackElo "2301"]
[TimeControl "180+1"]
[EndTime "9:46:34 PST"]
[Termination "Zq1 won by resignation"]

1. d4 Nf6 2. c4 g6 3. Nc3 d5 4. Nf3 Bg7 5. cxd5 Nxd5 6. Bd2 Nb6 7. Bg5 O-O 8. Rc1 Nc6 9. e3 a6 10. Be2 Qd6 11. Bf4 Qd7 12. O-O Re8 13. d5 Bxc3 14. dxc6 Qxd1 15. Rfxd1 Bf6 16. cxb7 Bxb7 17. Rxc7 Bxf3 18.
Bxf3 Rac8 19. b3 a5 20. Rb7 Na8 21. h3 Rc2 22. a4 e5 23. Bh6 Bg7 24. Bd5 Rf8 25.
Bg5 Nc7 26. Bc4 Ne6 27. Bxe6 fxe6 28. Rdd7 Bf6 29. Bxf6 Rxf6 30. Rg7+ Kf8 31. Rxh7 Kg8 32. Rhg7+ Kf8 33. Rgc7 Rxc7 34. Rxc7 1-0

[Event "Early-Titled-Tuesday-Blitz-February-20-2024"]
[Site "Chess.com"]
[Date "2024.02.20"]
[Round "9"]
[White "ChEsper99"]
[Black "Barmen_EV"]
[Result "0-1"]
[WhiteElo "2228"]
[BlackElo "2517"]
[TimeControl "180+1"]
[EndTime "9:46:34 PST"]
[Termination "Barmen_EV won on time"]

1. e4 c5 2. Nf3 Nc6 3. c3 Nf6 4.
e5 Nd5 5. d4 cxd4 6. cxd4 d6 7.
exd6 Qxd6 8. Nc3 Bg4 9. Be2 e6 10. O-O Be7 11. h3 Bh5 12. Ne4 Qd7 13. Be3 O-O 14.
Qd2 Nxe3 15. fxe3 Rad8 16. Rad1 Bxf3 17. Bxf3 Nb4 18. Nc3 e5 19. a3 Na6 20. d5 b6 21.
e4 Nc5 22. b4 Nb7 23. Qe2 Nd6 24. Rc1 Bg5 25. Rc2 f5 26. exf5 Qxf5 27. Bg4 Be3+ 28. Qxe3 Qxf1+ 29. Kh2 Qf4+ 30. Qxf4 exf4 31. Ne2 g6 32. Nd4 h5 33. Bf3 Rc8 34. Re2 Rfe8 35. Ne6 Nf5 36. Re5 Kf7 37. Be4 Kf6 0-1